Map: Polka LE

Players

qqq

  • Race: Zerg Zerg
  • Spawn Location: 5:00

Massa

  • Race: Terran Terran
  • Spawn Location: 5:00

MelonMelandR - Winner!

  • Race: Protoss Protoss
  • Spawn Location: 11:00

LarrenOPGG - Winner!

  • Race: Protoss Protoss
  • League: Platinum
  • Spawn Location: 11:00

VOD

Have the link to the VOD?

Description

Time

  • Played on: Oct. 1, 2020, 4:04 p.m.
  • Length: 14:51
Show
View Real Time Build Order
Export as new Build Order

qqq Zerg 

Build Orders: Hatch First 

Get SALT Encoding   

  12  0:02  Drone  
  13  0:14  Drone  
  14  0:38  Hatchery  
  14  0:39  Drone  
  14  0:56  Spawning Pool  
  13  1:04  Overlord  
  13  1:09  Drone  
  14  1:17  Extractor, Drone  
  14  1:26  Drone  
  14  1:32  Drone  
  16  1:44  Drone  
  17  1:51  Drone  
  17  1:52  Queen  
  17  1:53  Drone  
  20  2:09  Drone  
  20  2:11  Drone  
  20  2:12  Drone  
  20  2:13  Drone  
  24  2:19  Overlord  
  24  2:24  Queen  
  24  2:29  Drone  
  27  2:37  Zergling x2  
  27  2:38  Drone  
  27  2:41  Metabolic Boost  
  29  2:46  Evolution Chamber  
  29  2:47  Drone  
  29  2:50  Drone  
  26  3:07  Zergling x4  
  26  3:09  Zergling x4  
  29  3:25  Zergling x6  
  29  3:37  Zergling x2  
  29  3:38  Zergling x4  
  21  3:53  Zergling x4  
  20  4:07  Drone  
  20  4:08  Zergling x4  
  23  4:16  Queen  
  25  4:17  Drone  
  25  4:19  Drone  
  27  4:28  Drone  
  27  4:30  Zergling x2  
  29  4:40  Queen  
  29  4:41  Drone  
  29  4:42  Drone  
  33  4:46  Zerg Melee Weapons Level 1  
  33  4:53  Drone x2  
  35  5:03  Drone  
  35  5:16  Overlord  
  35  5:17  Overlord x2  
  35  5:26  Overlord  
  35  5:34  Hatchery  
  34  5:36  Drone x2  
  34  5:37  Drone x2  
  34  5:38  Zergling x2  
  39  5:49  Drone  
  40  5:50  Roach Warren  
  40  5:53  Drone  
  40  5:58  Lair  
  40  6:03  Drone x2  
  42  6:04  Drone  
  42  6:09  Drone  
  42  6:11  Zergling x4  
  46  6:13  Zergling x2  
  47  6:28  Spore Crawler  
  47  6:29  Drone x2  
  48  6:34  Zergling x4  
  48  6:35  Roach  
  52  6:45  Spore Crawler  
  51  6:47  Drone  
  51  6:49  Drone  
  53  7:03  Roach  
  53  7:05  Roach x3  
  53  7:06  Drone x4  
  59  7:11  Drone  
  60  7:21  Drone x2  
  62  7:23  Extractor  
  62  7:27  Extractor  
  62  7:28  Extractor  
  54  8:00  Roach x2  
  56  8:08  Spore Crawler  
  56  8:09  Spore Crawler  
  46  8:27  Drone x2  
  46  8:29  Hatchery  
  46  8:31  Spore Crawler  
  46  8:32  Spore Crawler x2  
  42  8:58  Drone, Roach  
  42  8:59  Roach  
  42  9:02  Hydralisk Den  
  46  9:04  Zergling x10  
  46  9:05  Zergling x4  
  46  9:09  Drone x3  
  56  9:21  Overlord x4  
  36  9:48  Roach  
  36  9:49  Drone, Roach  
  38  9:53  Muscular Augments  
  34  10:00  Drone  
  34  10:01  Drone  
  34  10:02  Queen  
  32  10:11  Hatchery  
  29  10:16  Zergling x2  
  29  10:17  Drone, Zergling x4  
  29  10:18  Drone  
  29  10:20  Hatchery  
  31  10:34  Drone  
  32  10:36  Hydralisk  
  34  10:47  Drone x2  
  36  10:50  Spore Crawler  
  36  10:52  Spore Crawler  
  36  10:54  Hydralisk  
  31  11:34  Hatchery  
  31  11:39  Drone x7  
  38  11:40  Drone x2  
  39  11:47  Drone  
  39  11:48  Queen  
  42  11:56  Spore Crawler  
  42  11:57  Spore Crawler x2  
  42  11:59  Spine Crawler  
  42  12:00  Drone  
  42  12:01  Spine Crawler  
  38  12:02  Drone x2  
  38  12:05  Grooved Spines  
  40  12:14  Drone  
  31  12:35  Drone x2  
  31  12:36  Spore Crawler x2  
  31  12:37  Hatchery  
  30  12:50  Roach  
  32  13:03  Drone x4  
  34  13:25  Spawning Pool  
  33  13:36  Drone x2  
  33  13:37  Drone  
  36  13:43  Roach  
  36  13:44  Roach  
  25  14:03  Roach x2  
  25  14:04  Drone x2  
  25  14:19  Roach  
  25  14:21  Roach  
  25  14:29  Drone  
  25  14:31  Drone  
Show
View Real Time Build Order
Export as new Build Order

Massa Terran 

Build Orders:  

Get SALT Encoding   

  12  0:00  SCV  
  13  0:12  SCV  
  14  0:23  Supply Depot  
  14  0:24  SCV  
  15  0:45  SCV  
  15  0:46  Barracks  
  15  0:48  Refinery  
  17  0:57  SCV  
  17  1:00  Refinery  
  17  1:09  SCV  
  19  1:25  SCV  
  19  1:37  SCV  
  20  1:47  Reaper  
  20  1:51  Command Center  
  21  2:07  Orbital Command  
  21  2:12  Factory  
  21  2:19  Marine  
  22  2:37  SCV  
  22  2:43  Barracks Tech Lab  
  22  3:07  Orbital Command  
  22  3:10  SCV  
  23  3:15  Cyclone  
  23  3:16  Marine  
  23  3:17  Starport  
  27  3:22  SCV  
  28  3:33  Marine  
  29  3:34  SCV  
  30  3:46  SCV  
  31  4:12  Barracks Reactor  
  31  4:14  Siege Tank  
  31  4:15  SCV x2  
  36  4:21  Engineering Bay  
  36  4:27  Command Center, Medivac  
  38  4:34  Supply Depot  
  38  4:53  Supply Depot  
  38  4:55  SCV x2, Terran Infantry Weapons Level 1  
  40  5:03  Missile Turret  
  40  5:04  Missile Turret  
  40  5:05  Widow Mine, Marine  
  40  5:06  Marine  
  44  5:07  SCV x2  
  46  5:20  SCV x2  
  48  5:23  Marine x2  
  48  5:24  Missile Turret x2  
  48  5:26  Widow Mine, Missile Turret, Medivac  
  54  5:33  Factory  
  54  5:36  Supply Depot  
  54  5:39  SCV  
  54  5:41  Marine  
  56  5:45  Supply Depot  
  56  5:48  Widow Mine, Missile Turret  
  58  6:00  SCV x2  
  58  6:03  Orbital Command  
  60  6:08  Marine x2  
  60  6:09  Widow Mine  
  64  6:15  Barracks  
  64  6:18  Factory Reactor  
  64  6:21  Refinery  
  64  6:25  Marine  
  64  6:26  Marine  
  66  6:43  Marine x2  
  66  6:50  Terran Infantry Armor Level 1  
  62  7:01  Marine  
  63  7:18  Missile Turret  
  63  7:21  Sensor Tower  
  63  7:24  Supply Depot  
  63  7:25  Supply Depot  
  63  7:26  Refinery, SCV  
  63  7:27  SCV x2  
  66  7:36  Barracks Tech Lab  
  66  7:39  Barracks  
  66  7:43  Barracks  
  66  7:44  Barracks  
  55  8:00  Marine x3  
  52  8:07  Medivac  
  52  8:09  Widow Mine x2  
  61  8:14  Cyclone  
  61  8:16  Stimpack  
  61  8:18  Marine x3  
  64  8:21  Missile Turret  
  64  8:29  SCV x2  
  64  8:31  Widow Mine x2  
  70  8:35  Marine  
  70  8:36  Marine x2  
  70  8:40  Orbital Command  
  70  8:41  SCV x2  
  74  8:46  Cyclone  
  78  8:53  SCV x2, Marine  
  78  8:54  Marine x2  
  80  9:12  Marine  
  81  9:20  Marine x2  
  83  9:30  Marauder  
  85  9:38  Barracks Reactor, Marine x2  
  86  9:39  Barracks Reactor  
  84  9:51  Marauder  
  81  9:56  Marine x2  
  81  9:58  Medivac  
  85  10:07  SCV x2  
  85  10:08  SCV  
  85  10:12  Missile Turret  
  85  10:13  Marauder  
  90  10:19  SCV  
  91  10:28  Medivac  
  91  10:30  Barracks  
  91  10:32  Missile Turret  
  93  10:37  Hellion x2  
  93  10:39  Infernal Pre-Igniter  
  97  10:46  Armory  
  97  10:49  Engineering Bay  
  97  10:54  Missile Turret  
  97  10:59  Hellion x2  
  101  11:17  Missile Turret  
  101  11:24  Barracks Tech Lab  
  101  11:44  Supply Depot  
  101  11:46  Supply Depot x3  
  101  11:48  Supply Depot  
  101  11:50  Supply Depot  
  101  11:53  Supply Depot  
  101  11:58  Barracks Tech Lab  
  101  12:04  Combat Shield  
  101  12:06  Hellion x2, Marauder x2  
  101  12:07  Marine x6, Concussive Shells  
  115  12:12  Supply Depot  
  115  12:13  Supply Depot x2  
  115  12:14  Supply Depot  
  115  12:15  Supply Depot  
  115  12:23  Supply Depot  
  115  12:25  Marine x6  
  115  12:27  Hellion x2, Marauder x2  
  107  12:38  Supply Depot x2  
  107  12:40  Supply Depot  
  107  12:42  Marine x4  
  101  12:49  Hellion x2, Marauder x2  
  101  12:51  Marauder, Marine  
  111  12:52  Marine  
  110  13:00  Marine x4  
  114  13:09  Marine x2  
  114  13:10  Hellion x2, Marauder x2  
  114  13:12  Marauder, Missile Turret  
  126  13:14  Missile Turret  
  126  13:16  Missile Turret x2  
  126  13:18  Marine x4  
  113  13:27  Marine x2  
  113  13:31  Marauder x2  
  113  13:34  Marauder  
  104  13:36  Marine x3  
  104  13:37  Missile Turret  
  102  13:42  Missile Turret  
  102  13:45  Marine x2  
  97  13:53  Marauder  
  97  13:54  Marine x2  
  97  13:55  Marauder  
  104  14:02  Marine  
  103  14:03  Marine  
  103  14:07  Missile Turret  
  103  14:12  Marine x2  
  103  14:14  Marine  
  103  14:16  Marine  
  107  14:20  Marine  
  101  14:25  Marine  
  101  14:29  Marine x2  
  101  14:31  Marine  
Show
View Real Time Build Order
Export as new Build Order

MelonMelandR Protoss - Winner!

Build Orders:  

Get SALT Encoding   

  12  0:00  Probe  
  13  0:13  Probe  
  14  0:24  Pylon  
  14  0:27  Probe (Chrono Boost)  
  15  0:41  Probe (Chrono Boost)  
  16  0:43  Gateway  
  16  0:50  Probe  
  17  1:03  Probe  
  18  1:15  Probe, Gateway  
  19  1:28  Pylon  
  19  1:34  Zealot  
  19  1:37  Cybernetics Core  
  21  1:48  Probe (Chrono Boost), Assimilator  
  21  1:50  Assimilator  
  21  1:58  Probe (Chrono Boost)  
  22  2:03  Probe (Chrono Boost)  
  23  2:21  Zealot (Chrono Boost)  
  27  2:28  Zealot (Chrono Boost)  
  27  2:30  Warp Gate (Chrono Boost)  
  27  2:37  Probe  
  27  2:41  Zealot (Chrono Boost)  
  30  2:49  Probe  
  31  2:55  Pylon  
  31  2:58  Pylon  
  31  3:03  Pylon  
  31  3:13  Zealot  
  33  3:49  Robotics Facility  
  33  3:51  Twilight Council  
  33  4:01  Nexus  
  33  4:03  Assimilator  
  33  4:06  Pylon  
  29  4:14  Gateway  
  29  4:15  Gateway  
  29  4:19  Gateway  
  29  4:22  Stalker  
  31  4:25  Stalker  
  33  4:43  Probe (Chrono Boost)  
  34  4:47  Observer  
  34  4:50  Charge  
  36  4:53  Probe (Chrono Boost)  
  36  4:55  Sentry  
  36  4:58  Probe (Chrono Boost)  
  36  4:59  Sentry  
  41  5:09  Probe  
  42  5:21  Probe  
  43  5:23  Observer (Chrono Boost)  
  44  5:32  Zealot  
  44  5:33  Zealot x3  
  52  5:39  Probe (Chrono Boost)  
  53  5:49  Probe (Chrono Boost)  
  54  5:51  Probe (Chrono Boost)  
  55  5:58  Probe (Chrono Boost)  
  55  6:00  Probe (Chrono Boost)  
  57  6:08  Probe  
  57  6:09  Probe  
  59  6:20  Probe  
  59  6:21  Warp Prism  
  62  6:30  Blink  
  62  6:32  Probe  
  63  6:44  Probe  
  64  6:56  Probe  
  51  7:15  Zealot x5  
  57  7:20  Gateway x2  
  61  7:30  Shield Battery  
  61  7:32  Shield Battery  
  61  7:34  Pylon  
  61  7:36  Stalker x4  
  69  7:37  Pylon  
  69  7:56  Pylon  
  69  7:59  Pylon  
  69  8:00  Robotics Bay  
  69  8:03  Zealot x2  
  69  8:04  Zealot x2  
  69  8:05  Zealot  
  79  8:18  Stalker x2  
  50  10:10  Stalker  
  50  10:11  Stalker x5  
  50  10:12  Disruptor (Chrono Boost), Stalker  
  61  10:40  Disruptor  
  64  10:47  Zealot x2, Nexus  
  64  10:48  Zealot x5  
  64  10:49  Pylon  
  78  10:50  Assimilator  
  78  10:51  Pylon  
  78  10:52  Pylon  
  78  10:53  Assimilator  
  68  11:13  Disruptor (Chrono Boost)  
  68  11:17  Probe (Chrono Boost)  
  68  11:20  Assimilator  
  68  11:26  Probe (Chrono Boost)  
  70  11:34  Forge  
  70  11:35  Probe (Chrono Boost), Forge  
  70  11:36  Probe (Chrono Boost)  
  70  11:39  Pylon  
  71  11:41  Probe x2 (Chrono Boost), Disruptor  
  71  11:42  Pylon  
  76  11:52  Probe  
  77  11:54  Stalker x2  
  77  11:55  Stalker x4  
  77  11:56  Stalker  
  91  12:03  Shield Battery  
  91  12:05  Probe (Chrono Boost), Shield Battery  
  91  12:08  Shield Battery  
  92  12:12  Protoss Ground Weapons Level 1  
  92  12:14  Disruptor (Chrono Boost)  
  92  12:15  Probe (Chrono Boost)  
  93  12:18  Gateway, Protoss Ground Armor Level 1  
  93  12:20  Probe (Chrono Boost), Gateway x2  
  97  12:32  Probe  
  97  12:34  Zealot  
  97  12:35  Zealot x3  
  106  12:39  Zealot  
  106  12:44  Probe  
  105  13:05  Probe (Chrono Boost)  
  100  13:14  Probe (Chrono Boost)  
  100  13:19  Probe (Chrono Boost)  
  101  13:26  Disruptor (Chrono Boost)  
  102  13:31  Probe  
  106  13:43  Probe  
  106  13:44  Zealot x6  
  106  13:45  Zealot x2  
  106  13:46  Zealot  
  106  13:47  Zealot  
  127  13:54  Disruptor  
  120  14:13  Stalker  
  120  14:14  Stalker x4  
  120  14:15  Stalker x2  
  120  14:17  Stalker x3  
Show
View Real Time Build Order
Export as new Build Order

LarrenOPGG Protoss - Winner!

Build Orders:  

Get SALT Encoding   

  12  0:01  Probe  
  13  0:17  Pylon  
  13  0:21  Probe (Chrono Boost)  
  14  0:33  Probe (Chrono Boost)  
  15  0:36  Forge  
  15  0:42  Gateway  
  15  0:49  Assimilator  
  15  0:50  Probe  
  16  1:04  Probe (Chrono Boost)  
  17  1:11  Pylon  
  17  1:16  Probe (Chrono Boost)  
  18  1:21  Probe (Chrono Boost)  
  19  1:31  Gateway  
  19  1:33  Gateway  
  19  1:42  Probe  
  20  1:52  Cybernetics Core  
  20  1:55  Probe  
  20  1:57  Assimilator  
  20  2:12  Probe  
  21  2:18  Zealot (Chrono Boost)  
  25  2:26  Zealot (Chrono Boost)  
  25  2:27  Pylon  
  25  2:29  Pylon  
  25  2:37  Zealot  
  25  2:42  Probe  
  28  2:46  Zealot  
  30  3:04  Probe, Zealot (Chrono Boost)  
  33  3:24  Zealot (Chrono Boost)  
  33  3:27  Zealot (Chrono Boost)  
  33  3:34  Nexus  
  33  3:38  Pylon  
  27  3:54  Stargate  
  27  3:57  Stargate  
  27  4:02  Probe  
  24  4:14  Probe  
  25  4:26  Probe (Chrono Boost), Shield Battery  
  26  4:31  Pylon  
  26  4:35  Probe (Chrono Boost)  
  27  4:40  Probe (Chrono Boost)  
  27  4:41  Void Ray (Chrono Boost)  
  27  4:42  Void Ray (Chrono Boost)  
  36  5:01  Probe  
  36  5:04  Probe  
  38  5:11  Void Ray  
  38  5:13  Probe (Chrono Boost)  
  39  5:17  Probe (Chrono Boost)  
  44  5:21  Void Ray  
  49  5:31  Probe (Chrono Boost)  
  49  5:36  Assimilator  
  49  5:38  Probe (Chrono Boost), Assimilator  
  50  5:48  Void Ray  
  54  5:58  Void Ray  
  54  6:03  Probe  
  59  6:15  Probe  
  60  6:27  Probe (Chrono Boost)  
  60  6:31  Protoss Air Weapons Level 1 (Chrono Boost)  
  60  6:32  Forge  
  61  6:36  Pylon  
  62  6:40  Probe (Chrono Boost)  
  62  6:45  Probe (Chrono Boost)  
  63  6:52  Void Ray  
  59  6:54  Probe  
  59  6:55  Probe  
  65  7:04  Void Ray  
  65  7:06  Probe (Chrono Boost)  
  67  7:10  Probe (Chrono Boost), Shield Battery  
  71  7:18  Probe (Chrono Boost)  
  73  7:23  Probe (Chrono Boost)  
  73  7:24  Probe (Chrono Boost)  
  73  7:27  Stargate  
  74  7:32  Probe  
  75  7:45  Void Ray  
  75  7:50  Void Ray (Chrono Boost)  
  71  8:19  Void Ray (Chrono Boost)  
  71  8:23  Probe  
  76  8:43  Void Ray (Chrono Boost)  
  76  9:07  Probe  
  77  9:17  Nexus  
  77  9:19  Pylon  
  77  9:22  Pylon, Assimilator  
  77  9:23  Void Ray  
  77  9:24  Pylon, Assimilator  
  77  9:25  Pylon  
  77  9:27  Pylon  
  77  9:32  Void Ray x2  
  61  10:00  Void Ray  
  61  10:04  Probe x2  
  67  10:09  Void Ray x2  
  67  10:16  Probe  
  67  10:19  Protoss Air Armor Level 1 (Chrono Boost)  
  67  10:20  Fleet Beacon  
  76  10:22  Probe (Chrono Boost)  
  78  10:28  Probe (Chrono Boost)  
  78  10:30  Probe (Chrono Boost), Photon Cannon  
  78  10:34  Probe (Chrono Boost)  
  80  10:38  Void Ray  
  80  10:39  Probe (Chrono Boost)  
  81  10:46  Void Ray x2  
  85  10:51  Pylon  
  85  10:53  Cybernetics Core  
  85  10:55  Probe x2  
  95  11:15  Void Ray  
  95  11:23  Void Ray  
  99  11:31  Nexus  
  103  11:33  Pylon  
  103  11:34  Pylon  
  103  11:37  Assimilator  
  103  11:39  Assimilator  
  103  11:47  Protoss Air Weapons Level 2 (Chrono Boost)  
  103  11:49  Void Ray  
  103  11:52  Void Ray  
  103  11:59  Probe x3  
  103  12:00  Void Ray  
  118  12:11  Probe  
  115  12:26  Void Ray  
  111  12:35  Tempest  
  116  12:43  Tempest  
  117  12:46  Probe x2 (Chrono Boost)  
  121  12:52  Probe x2 (Chrono Boost)  
  121  12:56  Probe x2 (Chrono Boost)  
  123  12:58  Unknown  
  123  13:00  Probe x2 (Chrono Boost)  
  123  13:01  Probe x2 (Chrono Boost)  
  127  13:08  Tempest  
  127  13:11  Probe  
  133  13:15  Probe x3  
  133  13:17  Tempest  
  137  13:26  Tempest  
  134  13:51  Tempest, Probe, Pylon x2  
  134  13:52  Probe x3, Photon Cannon  
  134  13:53  Photon Cannon x2  
  134  13:54  Photon Cannon  
  143  13:58  Pylon  
  143  14:00  Tempest  
  148  14:04  Probe  
  148  14:06  Stargate  
Tags
 
Add a new tag
Caveats
  • Supply blocks, unpowered buildings, or Contaminate may cause inaccurate times.
  • Supply counts are checked every 10 seconds.